 Dungeon Crawl Stone Soup version 0.30-a0-1163-gf69bf04e7a (webtiles) character file.

Game seed: 18191378647054095706

242647 qeuew the Hand of Fortune (level 18, -3/155 HPs)
             Began as a Demonspawn Monk on Apr 28, 2023.
             Was the Champion of Nemelex Xobeh.
             Killed from afar by an ice statue (14 damage)
             ... with a bolt of cold
             ... on level 2 of the Elven Halls.
             The game lasted 01:05:06 (46006 turns).

qeuew the Hand of Fortune (Demonspawn Monk)        Turns: 46006, Time: 01:05:09

Health: -3/155     AC: 18    Str: 19    XL:     18   Next: 68%
Magic:  30/30      EV: 16    Int: 17    God:    Nemelex Xobeh [******]
Gold:   1790       SH:  5    Dex: 16    Spells: 17/17 levels left

rFire   . . .        u - +9 flail
rCold   . . .        d - orb {light}
rNeg    . . .        t - +2 plate armour "Qideujop" {Str+3}
rPois   .            (helmet unavailable)
rElec   .            N - +1 cloak
rCorr   .            (no gloves)
SInv    .            (no boots)
Will    ++...        x - amulet of reflection Stlth
                     s - +4 ring of slaying
HPRegen 0.45/turn    H - +4 ring of slaying
MPRegen 0.22/turn

%: random rage (3%), reflection
@: mighty, agile, silenced, on berserk cooldown, glowing
A: horns 3, rugged brown scales 3, ignite blood 2, powered by pain 1, demonic
willpower, claws 1, berserk 1, clever 1, deformed body, low MP 1
}: 2/15 runes: decaying, serpentine
a: Renounce Religion


You were on level 2 of the Elven Halls.
You worshipped Nemelex Xobeh.
Nemelex Xobeh was exalted by your worship.
You visited 7 branches of the dungeon, and saw 32 of its levels.
You also visited: Volcano.

You collected 3350 gold pieces.
You spent 1560 gold pieces at shops.

Inventory:

Hand Weapons
 u - a +9 flail (weapon)
Missiles
 l - 3 throwing nets
Armour
 d - an orb of light (worn)
 t - the +2 plate armour "Qideujop" (worn) {Str+3}
   (You found it on level 6 of the Dungeon)

   Str:       It affects your strength (+3).
 N - a +1 cloak (worn)
Jewellery
 i - a +6 ring of strength
 s - a +4 ring of slaying (left claw)
 x - an amulet of reflection (around neck)
 z - a +5 ring of evasion
 D - a ring of flight
 H - a +4 ring of slaying (right claw)
 K - a +5 ring of evasion
 L - a +5 ring of evasion
 M - a ring of protection from cold
 O - a ring of protection from fire
 P - a ring of see invisible
Wands
 e - a wand of roots (22)
 g - a wand of paralysis (44)
 j - a wand of flame (55)
 B - a wand of polymorph (14)
 G - a wand of mindburst (48)
 I - a wand of quicksilver (16)
Scrolls
 a - 14 scrolls of identify
 b - 13 scrolls of teleportation
 k - a scroll of summoning
 m - 3 scrolls of poison
 n - a scroll of magic mapping
 p - a scroll of silence
 r - 7 scrolls of enchant armour
 y - 7 scrolls of fog
 C - 2 scrolls of amnesia
 F - 4 scrolls of enchant weapon
Potions
 c - 3 potions of invisibility
 f - 7 potions of might
 h - 2 potions of cancellation
 o - 2 potions of heal wounds
 q - 12 potions of curing
 v - 3 potions of haste
 w - 3 potions of resistance
 A - 4 potions of flight
 E - 3 potions of brilliance
 J - 4 potions of berserk rage


   Skills:
 + Level 13.8 Fighting
 * Level 17.4 Maces & Flails
 + Level 12.5 Armour
 + Level 12.7 Dodging
 * Level 23.3 Invocations
 - Level 0.4 Evocations


You had 17 spell levels left.
You didn't know any spells.
Your spell library contained the following spells:

 Spells                   Type           Power      Damage    Failure   Level
 Apportation              Tloc           0%         N/A       98%         1
 Magic Dart               Conj           0%         1d3       98%         1
 Necrotise                Necr           0%         1d4       98%         1
 Sandblast                Erth           0%         2d4       98%         1
 Summon Small Mammal      Summ           0%         N/A       98%         1
 Blink                    Tloc           0%         N/A       99%         2
 Call Imp                 Summ           0%         N/A       99%         2
 Cigotuvi's Dreadful Rot  Necr/Pois/Air  0%         N/A       99%         2
 Lesser Beckoning         Tloc           0%         N/A       99%         2
 Momentum Strike          Conj/Tloc      0%         3d8       99%         2
 Passwall                 Tmut/Erth      0%         N/A       99%         2
 Static Discharge         Conj/Air       0%         2-2/arc   99%         2
 Sublimation of Blood     Necr           0%         N/A       99%         2
 Wereblood                Tmut           0%         N/A       99%         2
 Call Canine Familiar     Summ           0%         N/A       100%        3
 Dazzling Flash           Conj/Hex       0%         N/A       100%        3
 Gell's Gravitas          Tloc           0%         N/A       100%        3
 Mephitic Cloud           Conj/Pois/Air  0%         N/A       100%        3
 Stone Arrow              Conj/Erth      0%         3d7       100%        3
 Summon Guardian Golem    Hex/Summ       0%         N/A       100%        3
 Teleport Other           Tloc           0%         N/A       100%        3
 Volatile Blastmotes      Fire/Tloc      0%         2d10      100%        3
 Airstrike                Air            0%         2d(0-16)  100%        4
 Anguish                  Hex/Necr       0%         N/A       100%        4
 Animate Armour           Summ/Erth      0%         N/A       100%        4
 Dispel Undead            Necr           0%         3d6       100%        4
 Fulminant Prism          Conj/Hex       0%         3d5       100%        4
 Iskenderun's Mystic Bla  Conj/Tloc      0%         2d3       100%        4
 Leda's Liquefaction      Hex/Erth       0%         N/A       100%        4
 Summon Lightning Spire   Summ/Air       0%         N/A       100%        4
 Borgnjor's Vile Clutch   Necr/Erth      0%         N/A       100%        5
 Fireball                 Conj/Fire      0%         3d3       100%        5
 Iskenderun's Battlesphe  Conj           0%         2d6       100%        5
 Lee's Rapid Deconstruct  Erth           0%         3d4*      100%        5
 Conjure Ball Lightning   Conj/Air       0%         3x3d6     100%        6
 Death Channel            Necr           0%         N/A       100%        6
 Dispersal                Tloc           0%         N/A       100%        6
 Starburst                Conj/Fire      0%         6d3       100%        6
 Statue Form              Tmut/Erth      0%         N/A       100%        6
 Enfeeble                 Hex            0%         N/A       100%        7
 Orb of Destruction       Conj           0%         9d5       100%        7
 Summon Hydra             Summ           0%         N/A       100%        7


Dungeon Overview and Level Annotations

Branches:
Dungeon (14/15)            Temple (1/1) D:4            Lair (5/5) D:8
  Swamp (4/4) Lair:2        Snake (4/4) Lair:3        Slime (0/5) Lair:4
    Orc (2/2) D:9             Elf (2/3) Orc:2        Vaults (0/5) D:14
Volcano (visited)

Altars:
Ashenzari
Cheibriados
Dithmenos
Fedhas
Gozag
Hepliaklqana
Kikubaaqudgha
Makhleb
Nemelex Xobeh
Okawaru
Qazlal
Ru
Trog
Uskayaw
Vehumet
Wu Jian
Xom
Jiyva

Shops:
D:2 !   D:5 :   D:7 [   D:11 !   Orc:1 *   Orc:2 [(*=:   Elf:2 =   Snake:2 :=:
Snake:3 (!   Snake:4 [

Portals:
Hell: Lair:5
Ice
Cave: Elf:2

Annotations:
Lair:2 exclusion: 2 oklob plants
Snake:1 2 transporters, exclusion: obsidian statue
Elf:1 6 runed translucent doors
Elf:2 exclusion: 2 ice statues


Innate Abilities, Weirdness & Mutations

You have a pair of large horns on your head.
You are completely covered in rugged brown scales. (AC +3, +7% HP)
Your demonic aura often causes spilled blood to erupt in flames.
You sometimes gain a little power by taking damage.
You punish those that try to bend your will. (Will+)
You have sharp fingernails.
You sometimes lose your temper in combat.
Your mind is acute. (Int +4, Str/Dex -1)
Armour fits poorly on your strangely shaped body.
Your magical capacity is low. (-10% MP)


Message History

You feel much better.
You are engulfed in freezing vapours.
* * * LOW HITPOINT WARNING * * *
The human changes into a naga!
The ice beast closely misses you.
The ice beast hits you but does no damage. x2
The ice statue gestures at you. The bolt of cold hits you!
* * * LOW HITPOINT WARNING * * *
The ice beast hits you but does no damage.
You block the ice beast's attack.
You feel much better.
You are engulfed in freezing vapours.
* * * LOW HITPOINT WARNING * * *
You focus on the pain.
You feel mightier all of a sudden. The ice beast closely misses you.
The ice beast barely misses you.
The ice beast hits you but does no damage.
The ice statue gestures at you. The shard of ice hits you!!
* * * LOW HITPOINT WARNING * * *
You focus on the pain.
You feel mightier all of a sudden. The ice beast completely misses you.
The ice beast hits you but does no damage.
Press: ? - help, v - describe, . - travel
Here: an ice statue (silenced, unaffected by silence, haloed)
The floor.
Okay, then.
The ice beast attacks as you move away! The ice beast barely misses you.
The ice beast attacks as you move away! The ice beast completely misses you.
The ice beast attacks as you move away!
The ice beast hits you but does no damage.
The ice beast barely misses you. x2
The ice beast attacks as you move away! The ice beast barely misses you. x2
The ice beast closely misses you. The ice statue gestures at you.
The bolt of cold hits the ice beast.
The ice beast completely resists.
The bolt of cold hits the ice beast.
The ice beast completely resists.
The bolt of cold hits the ice beast.
The ice beast completely resists.
The bolt of cold hits you!
You die...
Your body glows with a rainbow of weird colours and disappears.

**,,,,,..#* *#,**#.# *** *
,,,,,,**#.#*###.** #.# ***** *
,,,,,,* *#.##..#* #.# *~~≈* *
,*,**,*###.....### #.# *~∩≈*
,*,**,##.........###.######.≈≈*
,,,,,,#....=..°...#.).......#**
**+**,#.....8°....#.##'##.###
*,,,*,#...N.∩YYY..#.#...#.#
+,<,+,......8YYY@.#.+.<.'.#
*,,,*,#.......°...#.#...#.#
**+**,##..?.........##+##.#
,,,,,,*##........##.......#
**,**** #...##.#####..>..## *,*
####*#.# #.....# *,* *****#.#*
*.....# *,* *,,,,..,* *#...##
*,* *,**+#*,** *#.##


You could see 2 ice statues, 6 ice beasts and a naga shaped shifter.

Vanquished Creatures
  Jorgrun (D:12)
  A thorn hunter (Swamp:4)
  Roxanne (Snake:2)
  4 fenstrider witches
  A storm dragon (Swamp:3)
  3 nagarajas
  2 ghouls (Swamp:4)
  A deep elf elementalist (Elf:1)
  An orc warlord (Orc:2)
  A reaper (Swamp:4)
  Nessos (Lair:4)
  2 deep elf demonologists (Elf:1)
  6 eleionomae
  5 bunyips
  Azrael (D:12)
  A dire elephant (Lair:5)
  Snorg (D:14)
  5 shambling mangroves
  2 entropy weavers (Snake:2)
  The ghost of Raruif the Markskobold, a journeyman KoHu of Okawaru (Orc:1)
  13 hydras
  2 centaur warriors
  4 salamander tyrants
  A vault guard (D:14)
  3 ogre magi (Swamp:4)
  2 ghost crabs
  A boulder beetle (D:11)
  7 alligators
  A spriggan air mage (Swamp:4)
  5 two-headed ogres
  7 dancing weapons (Elf:1)
  8 death yaks
  22 naga warriors
  5 anacondas
  10 orc high priests
  5 shock serpents
  10 naga sharpshooters
  Nergalle (Lair:3)
  4 deep elf knights (Elf:1)
  Sonja (Lair:3)
  2 soul eaters (Swamp:4)
  A skyshark (Lair:5)
  A sixfirhy (Lair:5)
  A sun demon (Volcano)
  6 salamander mystics (Snake:4)
  3 goliath frogs (Swamp:3)
  4 naga ritualists
  4 spriggan druids (Swamp:4)
  4 sea snakes
  7 bog bodies
  5 swamp dragons
  2 deep elf archers (Elf:1)
  2 wizards
  2 necromancers (D:14)
  A wolf spider (Elf:1)
  11 deep elf pyromancers
  6 mana vipers
  15 deep elf zephyrmancers
  3 harpies
  A steelbarb worm (Elf:1)
  4 orc knights
  3 ugly things
  12 orc sorcerers
  3 will-o-the-wisps
  17 salamanders
  4 cyclopes
  8 elephants
  5 guardian serpents
  30 black mambas
  6 gargoyles
  A guardian serpent (shapeshifter) (D:14)
  23 naga magi
  16 cane toads
  Maggie (D:8)
  2 unseen horrors
  10 komodo dragons
  A kobold demonologist (D:11)
  2 efreet
  3 rime drakes
  An ice devil (Lair:5)
  4 red devils
  3 hellwings
  5 trolls
  A queen bee (Lair:3)
  5 tyrant leeches
  9 polar bears
  5 meliai
  14 hornets
  A dream sheep (Lair:3)
  23 blink frogs
  A culicivora (Lair:3)
  2 air elementals
  A jumping spider (Lair:3)
  A jumping spider (shapeshifter) (D:14)
  2 spriggans
  47 yaks
  5 slime creatures
  5 wyverns
  3 shadows
  5 water elementals (Elf:1)
  20 humans
  2 fire bats (Volcano)
  2 wraiths
  A hog (Snake:4)
  2 fire elementals (D:12)
  6 vampire mosquitoes
  4 steam dragons
  A redback (shapeshifter) (D:13)
  A basilisk (Lair:3)
  A chaos spawn (Swamp:4)
  10 swamp worms
  An acid dragon (D:12)
  2 wargs
  6 hell hounds
  40 nagas
  21 water moccasins
  4 swamp drakes
  3 black bears
  41 orc warriors
  3 ice beasts
  A sky beast (D:8)
  6 ogres
  4 wolves
  A phantom (D:6)
  4 kobold brigands
  15 bullfrogs
  2 scorpions
  2 earth elementals
  3 gnoll sergeants
  8 wights
  24 killer bees (Lair:3)
  3 howler monkeys (D:7)
  A vampire bat (Orc:1)
  7 lava snakes (Volcano)
  3 hounds
  17 orc priests
  3 jellies
  3 gnoll boudas
  17 orc wizards
  25 gnolls
  4 adders
  6 white imps
  A worm (D:5)
  3 dart slugs
  102 orcs
  4 ball pythons
  6 endoplasms
  3 giant cockroaches
  7 goblins
  5 hobgoblins
  8 jackals
  4 quokkas
  12 bats
  2 frilled lizards (D:1)
  8 kobolds
  5 rats
  10 briar patches (Swamp:4)
1038 creatures vanquished.

Vanquished Creatures (collateral kills)
  A tentacled monstrosity (Swamp:4)
  A fenstrider witch (Swamp:4)
  A bunyip (Swamp:4)
  A green death (Swamp:4)
  An ogre mage (Swamp:4)
  A hydra (Swamp:4)
  A boulder beetle (Lair:1)
  2 death yaks (Lair:3)
  A goliath frog (Swamp:4)
  A will-o-the-wisp (Swamp:3)
  3 elephants (Lair:2)
  A rime drake (Lair:3)
  2 komodo dragons (Lair:4)
  A red devil (Volcano)
  5 blink frogs
  2 wyverns (Lair:2)
  2 yaks (Lair:4)
  A hog (Lair:2)
  2 neqoxecs (Swamp:4)
  2 chaos spawn (Swamp:4)
  A swamp worm (Swamp:4)
  A water moccasin (Lair:4)
  3 wolves (Lair:1)
  3 killer bees (Lair:3)
40 creatures vanquished.

Vanquished Creatures (others)
  An eleionoma (Swamp:1)
  3 bloated husks (Swamp:1)
  A hellwing (Lair:5)
  A dream sheep (Lair:3)
  A briar patch (Swamp:4)
  8 foxfires (Swamp:2)
  88 fungi
  70 plants
173 creatures vanquished.

Grand Total: 1251 creatures vanquished

Notes
Turn   | Place    | Note
-------+----------+-------------------------------------------
     0 | D:1      | qeuew the Demonspawn Monk began the quest for the Orb.
     0 | D:1      | Reached XP level 1. HP: 18/18 MP: 1/1
   134 | D:1      | Gained mutation: You are partially covered in rugged brown
                  | scales. (AC +1, +3% HP) [demonic ancestry]
   134 | D:1      | Reached XP level 2. HP: 18/24 MP: 2/2
   666 | D:1      | Gained mutation: You occasionally lose the ability to drink
                  | potions when taking damage. [potion of mutation]
   666 | D:1      | Gained mutation: Your system is resistant to poisons.
                  | (rPois) [potion of mutation]
   784 | D:2      | Found Wutsued's Distillery.
   877 | D:2      | Reached XP level 3. HP: 29/29 MP: 3/3
  1301 | D:2      | Lost mutation: You occasionally lose the ability to drink
                  | potions when taking damage. [potion of mutation]
  1301 | D:2      | Lost mutation: Your system is resistant to poisons. (rPois)
                  | [potion of mutation]
  1301 | D:2      | Gained mutation: A frigid envelope surrounds you and
                  | freezes all who hurt you. [potion of mutation]
  1301 | D:2      | Lost mutation: A frigid envelope surrounds you and freezes
                  | all who hurt you. [potion of mutation]
  1301 | D:2      | Gained mutation: Potions are less effective at restoring
                  | your health. [potion of mutation]
  1302 | D:2      | Lost mutation: Potions are less effective at restoring your
                  | health. [potion of mutation]
  1302 | D:2      | Gained mutation: You are weak. (Str -2) [potion of
                  | mutation]
  1302 | D:2      | Gained mutation: Your spells are a little harder to cast,
                  | but a little more powerful. [potion of mutation]
  1388 | D:3      | Reached skill level 1 in Armour
  1453 | D:3      | Found a bloodstained altar of Trog.
  1726 | D:3      | Reached XP level 4. HP: 31/36 MP: 4/4
  1820 | D:3      | Found a faded altar of an unknown god.
  2115 | D:3      | Found a hide-covered altar of Uskayaw.
  2602 | D:4      | Found a staircase to the Ecumenical Temple.
  2627 | Temple   | Entered the Ecumenical Temple
  2647 | Temple   | Became a worshipper of Nemelex Xobeh the Trickster
  2647 | Temple   | Reached * piety under Nemelex Xobeh
  2647 | Temple   | Received a gift from Nemelex Xobeh
  2647 | Temple   | Reached ** piety under Nemelex Xobeh
  2688 | D:4      | Noticed a steam dragon
  2702 | D:4      | HP: 1/36 [steam dragon (5)]
  2704 | D:4      | Killed a steam dragon
  2705 | D:4      | Reached skill level 2 in Invocations
  2705 | D:4      | Gained mutation: You have a pair of small horns on your
                  | head. [demonic ancestry]
  2705 | D:4      | Reached XP level 5. HP: 2/43 MP: 4/6
  2708 | D:4      | Noticed an ogre
  2816 | D:4      | Killed an ogre
  2817 | D:4      | Gained mutation: You are mostly covered in rugged brown
                  | scales. (AC +2, +5% HP) [demonic ancestry]
  2817 | D:4      | Reached XP level 6. HP: 32/50 MP: 6/8
  2916 | D:4      | Reached skill level 3 in Invocations
  3275 | D:5      | Entered Level 5 of the Dungeon
  3278 | D:5      | Noticed a water moccasin
  3292 | D:4      | Killed a water moccasin
  3428 | D:5      | Reached skill level 4 in Invocations
  3428 | D:5      | Gained mutation: You sometimes gain a little power by
                  | taking damage. [demonic ancestry]
  3428 | D:5      | Reached XP level 7. HP: 24/56 MP: 8/10
  3690 | D:5      | Found Taraathre's Vocational Training.
  3702 | D:5      | Identified the +0 rapier of Feuvis {venom, rF+ rN+ MP+9
                  | Dex+2}
  3819 | D:5      | Reached skill level 5 in Maces & Flails
  3918 | D:5      | Reached skill level 5 in Invocations
  4279 | D:6      | Identified the +2 plate armour "Qideujop" {Str+3}
  4342 | D:6      | Received a gift from Nemelex Xobeh
  4387 | D:6      | Gained mutation: Your demonic aura sometimes causes spilled
                  | blood to erupt in flames. [demonic ancestry]
  4387 | D:6      | Reached XP level 8. HP: 64/64 MP: 12/12
  4528 | D:6      | Found a broken altar of Ashenzari.
  4598 | D:6      | Reached *** piety under Nemelex Xobeh
  4657 | D:6      | Reached skill level 6 in Invocations
  4658 | D:6      | Found a sacrificial altar of Ru.
  4658 | D:6      | Found an ornate altar of the Wu Jian Council.
  4659 | D:6      | Found a shadowy altar of Dithmenos.
  4684 | D:6      | Reached skill level 5 in Fighting
  4894 | D:6      | Found a hazy altar of Hepliaklqana.
  4900 | D:6      | Found a burning altar of Makhleb.
  4905 | D:6      | Found an iron altar of Okawaru.
  4911 | D:6      | Found a blossoming altar of Fedhas.
  5105 | D:6      | Received a gift from Nemelex Xobeh
  5454 | D:7      | Reached skill level 7 in Invocations
  5569 | D:7      | Reached XP level 9. HP: 71/71 MP: 14/14
  5584 | D:7      | Reached skill level 5 in Dodging
  5992 | D:7      | Received a gift from Nemelex Xobeh
  6185 | D:7      | Found Dalireib's Antique Armour Shoppe.
  6191 | D:7      | Received a gift from Nemelex Xobeh
  6554 | D:7      | Reached skill level 8 in Invocations
  6705 | D:8      | Reached **** piety under Nemelex Xobeh
  6955 | D:8      | Noticed a komodo dragon
  6960 | D:8      | Killed a komodo dragon
  6961 | D:8      | Reached skill level 9 in Invocations
  6981 | D:8      | Noticed Maggie
  6984 | D:8      | Found a staircase to the Lair.
  6992 | D:8      | Killed Maggie
  7003 | D:8      | Reached XP level 10. HP: 25/79 MP: 17/17
  7145 | D:8      | Noticed a gargoyle
  7158 | D:8      | Killed a gargoyle
  7159 | D:8      | Reached skill level 5 in Armour
  7308 | D:8      | Received a gift from Nemelex Xobeh
  7494 | D:8      | Received a gift from Nemelex Xobeh
  7655 | D:8      | Reached skill level 10 in Invocations
  7855 | Lair:1   | Entered Level 1 of the Lair of Beasts
  7860 | Lair:1   | Noticed a cane toad
  7865 | Lair:1   | Killed a cane toad
  8024 | Lair:1   | Noticed a boulder beetle
  8025 | Lair:1   | Found an ornate altar of the Wu Jian Council.
  8035 | Lair:1   | Killed a boulder beetle
  8036 | Lair:1   | Reached skill level 11 in Invocations
  8036 | Lair:1   | Found a hide-covered altar of Uskayaw.
  8332 | Lair:1   | Gained mutation: You have a pair of horns on your head.
                  | [demonic ancestry]
  8332 | Lair:1   | Reached XP level 11. HP: 26/88 MP: 19/19
  8536 | Lair:1   | Lost mutation: You are weak. (Str -2) [potion of mutation]
  8536 | Lair:1   | Lost mutation: Your spells are a little harder to cast, but
                  | a little more powerful. [potion of mutation]
  8536 | Lair:1   | Gained mutation: Your magical capacity is low. (-10% MP)
                  | [potion of mutation]
  8536 | Lair:1   | Gained mutation: Your system is resistant to poisons.
                  | (rPois) [potion of mutation]
  8547 | Lair:1   | Received a gift from Nemelex Xobeh
  8610 | Lair:1   | Found a stormy altar of Qazlal.
  8793 | Lair:1   | Reached ***** piety under Nemelex Xobeh
  9287 | Lair:2   | Received a gift from Nemelex Xobeh
  9288 | Lair:2   | Found a staircase to the Swamp.
  9295 | Lair:2   | Noticed a five-headed hydra
  9301 | Lair:2   | Killed a five-headed hydra
  9302 | Lair:2   | Reached skill level 12 in Invocations
  9531 | Lair:2   | Found a broken altar of Ashenzari.
  9565 | Lair:2   | Reached skill level 10 in Maces & Flails
  9568 | Lair:2   | a blink frog changed into a harpy
  9568 | Lair:2   | Noticed a harpy
  9569 | Lair:2   | Reached skill level 13 in Invocations
  9570 | Lair:2   | Killed a harpy
  9880 | Lair:2   | Received a gift from Nemelex Xobeh
  9917 | Lair:2   | Noticed an oklob plant
 10016 | Lair:2   | Received a gift from Nemelex Xobeh
 10016 | Lair:2   | Noticed an oklob plant
 10091 | Lair:2   | Gained mutation: You have a pair of large horns on your
                  | head. [demonic ancestry]
 10091 | Lair:2   | Reached XP level 12. HP: 62/97 MP: 19/19
 10388 | Lair:2   | Received a gift from Nemelex Xobeh
 11022 | Lair:3   | Found a blossoming altar of Fedhas.
 11069 | Lair:3   | Found a staircase to the Snake Pit.
 11176 | Lair:3   | Noticed Nergalle
 11550 | Lair:3   | Noticed a death yak
 11551 | Lair:3   | Noticed a death yak
 11551 | Lair:3   | Noticed a death yak
 11553 | Lair:3   | Noticed a death yak
 11559 | Lair:3   | Killed a death yak
 11559 | Lair:3   | Killed a death yak
 11560 | Lair:3   | Reached skill level 14 in Invocations
 11563 | Lair:3   | Killed a death yak
 11567 | Lair:3   | Noticed a death yak
 11567 | Lair:3   | Noticed a death yak
 11567 | Lair:3   | Noticed a death yak
 11567 | Lair:3   | Noticed a death yak
 11567 | Lair:3   | Noticed a death yak
 11580 | Lair:3   | Killed a death yak
 11580 | Lair:3   | Killed a death yak
 11580 | Lair:3   | Killed a death yak
 11580 | Lair:3   | Killed a death yak
 11584 | Lair:3   | Killed a death yak
 11590 | Lair:3   | Killed a death yak
 11924 | Lair:3   | Killed Nergalle
 12086 | Lair:3   | Identified the +2 demon trident "Orb Guardian's Bane"
                  | {flame, rN+}
 12089 | Lair:3   | Reached skill level 15 in Invocations
 12089 | Lair:3   | Gained mutation: Your demonic aura often causes spilled
                  | blood to erupt in flames. [demonic ancestry]
 12089 | Lair:3   | Reached XP level 13. HP: 24/106 MP: 21/21
 12312 | Lair:3   | Noticed Sonja
 12328 | Lair:3   | Killed Sonja
 12593 | Lair:3   | Received a gift from Nemelex Xobeh
 12953 | Snake:1  | Entered Level 1 of the Snake Pit
 13129 | Snake:1  | Identified the amulet "Futoawn" {Fly Regen+ MP+9}
 13173 | Lair:4   | Found a staircase to the Slime Pits.
 13255 | Lair:4   | Found a dark tunnel.
 13264 | Volcano  | Entered a volcano
 13551 | Volcano  | Reached ****** piety under Nemelex Xobeh
 13560 | Volcano  | Found a burning altar of Makhleb.
 14092 | Lair:4   | Reached skill level 16 in Invocations
 14352 | Lair:4   | Received a gift from Nemelex Xobeh
 14418 | Lair:4   | Identified the +2 sling of Megrut {drain, rPois MP-9 SInv}
 14421 | Lair:4   | Noticed Nessos
 14428 | Lair:4   | Killed Nessos
 14626 | Lair:4   | Found a viscous altar of Jiyva.
 14913 | Lair:4   | Received a gift from Nemelex Xobeh
 15264 | Lair:5   | Entered Level 5 of the Lair of Beasts
 15296 | Lair:5   | Reached skill level 10 in Fighting
 15315 | Lair:5   | Reached XP level 14. HP: 71/115 MP: 23/23
 15725 | Lair:5   | Reached skill level 17 in Invocations
 16226 | Lair:5   | Found a burning altar of Makhleb.
 16723 | Lair:5   | Found a gateway to Hell.
 16730 | Lair:5   | Identified the staff of death "Olykibits" {rC++ rN+ Int+4
                  | Dex-4}
 16798 | Lair:5   | Identified the +4 ring mail of Leyg {Will+ Dex+2}
 17086 | Lair:5   | Received a gift from Nemelex Xobeh
 17718 | Snake:1  | Identified the +2 robe of Magic {Int+3}
 17718 | Snake:1  | Identified the ring "Boriake" {Fire Will+ Str+5}
 18104 | Snake:1  | Received a gift from Nemelex Xobeh
 18200 | Snake:1  | Found a transporter.
 18211 | Snake:1  | Found a transporter.
 19138 | Snake:1  | Reached skill level 18 in Invocations
 19614 | Snake:2  | Found Doreroff's Book Boutique.
 19615 | Snake:2  | Found Acomyde's Jewellery Shoppe.
 19616 | Snake:2  | Found Moch's Book Boutique.
 19629 | Snake:2  | Bought a +4 ring of slaying for 1014 gold pieces
 19676 | Snake:2  | Reached skill level 10 in Dodging
 20022 | Snake:2  | Gained mutation: You are completely covered in rugged brown
                  | scales. (AC +3, +7% HP) [demonic ancestry]
 20022 | Snake:2  | Reached XP level 15. HP: 58/125 MP: 25/25
 20330 | Snake:2  | Identified Roxanne's Folio of Minerals
 20330 | Snake:2  | Noticed Roxanne
 20501 | Snake:2  | Noticed a nagaraja
 20509 | Snake:2  | Killed a nagaraja
 20840 | Snake:2  | Killed Roxanne
 21310 | Snake:3  | Received a gift from Nemelex Xobeh
 21621 | Snake:3  | Found Pizemuiq's Distillery.
 21621 | Snake:3  | Found Ovinau's Weapon Shop.
 21638 | Snake:3  | Bought a potion of haste for 120 gold pieces
 21638 | Snake:3  | Bought a potion of heal wounds for 60 gold pieces
 21638 | Snake:3  | Bought a potion of curing for 36 gold pieces
 21638 | Snake:3  | Bought a potion of curing for 36 gold pieces
 21638 | Snake:3  | Bought a potion of heal wounds for 60 gold pieces
 21655 | Snake:3  | Received a gift from Nemelex Xobeh
 21983 | Snake:3  | Reached skill level 10 in Armour
 22650 | Snake:3  | Received a gift from Nemelex Xobeh
 22676 | Snake:3  | Reached skill level 19 in Invocations
 23207 | Snake:4  | Entered Level 4 of the Snake Pit
 23207 | Snake:4  | Found Wevoxax's Antique Armour Boutique.
 25344 | Snake:3  | Gained mutation: You punish those that try to bend your
                  | will. (Will+) [demonic ancestry]
 25344 | Snake:3  | Reached XP level 16. HP: 124/135 MP: 26/26
 26298 | Snake:4  | Reached skill level 15 in Maces & Flails
 26298 | Snake:4  | Reached skill level 20 in Invocations
 27184 | Snake:4  | Received a gift from Nemelex Xobeh
 27351 | Snake:4  | Got a serpentine rune of Zot
 27913 | D:9      | Found a staircase to the Orcish Mines.
 28135 | D:9      | Received a gift from Nemelex Xobeh
 28586 | D:9      | Received a gift from Nemelex Xobeh
 28804 | Orc:1    | Entered Level 1 of the Orcish Mines
 29017 | Orc:1    | Found Tajynil's Mayhem Merchandise.
 29056 | Orc:1    | Received a gift from Nemelex Xobeh
 29067 | Orc:1    | Found a runed translucent door.
 29193 | Orc:1    | Noticed Raruif's ghost (journeyman KoHu)
 29265 | Orc:1    | Killed Raruif's ghost
 29501 | Orc:2    | Entered Level 2 of the Orcish Mines
 29504 | Orc:2    | Found Parezehi's Jewellery Boutique.
 29660 | Orc:2    | Found Solif's Book Emporium.
 30362 | Orc:2    | Found Jienoef's General Store.
 30362 | Orc:2    | Found a staircase to the Elven Halls.
 30415 | Orc:2    | Found Cehik's Antique Weapon Shoppe.
 30804 | Orc:2    | Found Haowy's Antique Armour Shoppe.
 30856 | Orc:2    | Received a gift from Nemelex Xobeh
 30962 | D:10     | Entered Level 10 of the Dungeon
 31278 | D:10     | Received a gift from Nemelex Xobeh
 31403 | D:10     | Lost mutation: Your magical capacity is low. (-10% MP)
                  | [potion of mutation]
 31403 | D:10     | Lost mutation: Your system is resistant to poisons. (rPois)
                  | [potion of mutation]
 31403 | D:10     | Gained mutation: You sometimes lose your temper in combat.
                  | [potion of mutation]
 31404 | D:10     | Lost mutation: You sometimes lose your temper in combat.
                  | [potion of mutation]
 31404 | D:10     | Gained mutation: You are dopey. (Int -2) [potion of
                  | mutation]
 31404 | D:10     | Gained mutation: Your spells are a little harder to cast,
                  | but a little more powerful. [potion of mutation]
 31404 | D:10     | Gained mutation: Your body sometimes deteriorates upon
                  | taking damage. [potion of mutation]
 31405 | D:10     | Lost mutation: Your spells are a little harder to cast, but
                  | a little more powerful. [potion of mutation]
 31405 | D:10     | Lost mutation: You are dopey. (Int -2) [potion of mutation]
 31405 | D:10     | Gained mutation: Your system is resistant to poisons.
                  | (rPois) [potion of mutation]
 31474 | D:11     | Found Yrrungaver's Distillery.
 31516 | D:11     | Bought a potion of heal wounds for 65 gold pieces
 31516 | D:11     | Bought a potion of heal wounds for 65 gold pieces
 31516 | D:11     | Bought a potion of mutation for 104 gold pieces
 31516 | D:11     | Lost mutation: Your body sometimes deteriorates upon taking
                  | damage. [potion of mutation]
 31516 | D:11     | Lost mutation: Your system is resistant to poisons. (rPois)
                  | [potion of mutation]
 31516 | D:11     | Gained mutation: You have hidden genetic potential. [potion
                  | of mutation]
 31516 | D:11     | Gained mutation: Your magical capacity is low. (-10% MP)
                  | [potion of mutation]
 31747 | D:11     | Found a faded altar of an unknown god.
 31747 | D:11     | Found a hazy altar of Hepliaklqana.
 31747 | D:11     | Found a faded altar of an unknown god.
 31986 | D:11     | Received a gift from Nemelex Xobeh
 32445 | Swamp:1  | Entered Level 1 of the Swamp
 32507 | Swamp:1  | Reached skill level 21 in Invocations
 32879 | Swamp:1  | Received a gift from Nemelex Xobeh
 33488 | Swamp:1  | Reached XP level 17. HP: 65/144 MP: 28/28
 34459 | Swamp:2  | Received a gift from Nemelex Xobeh
 36073 | Swamp:3  | Received a gift from Nemelex Xobeh
 37097 | Swamp:3  | Paralysed by a hornet for 1 turns
 37619 | Swamp:3  | Received a gift from Nemelex Xobeh
 37768 | Swamp:3  | Noticed Aizul
 37778 | Swamp:3  | Aizul changed into Aizul the storm dragon
 37778 | Swamp:3  | Noticed Aizul
 37780 | Swamp:3  | Killed Aizul the storm dragon
 38109 | Swamp:4  | Entered Level 4 of the Swamp
 38635 | Swamp:4  | Paralysed by a hornet for 2 turns
 38772 | Swamp:4  | Reached skill level 22 in Invocations
 39257 | Swamp:4  | Gained mutation: Your mind is acute. (Int +4, Str/Dex -1)
                  | [hidden potential]
 39281 | Swamp:4  | Noticed a tentacled monstrosity
 39293 | Swamp:4  | Killed a tentacled monstrosity
 40461 | Swamp:4  | Got a decaying rune of Zot
 40765 | D:12     | Noticed Jorgrun
 40776 | D:12     | Killed Jorgrun
 40777 | D:12     | Reached XP level 18. HP: 127/153 MP: 29/29
 41018 | D:12     | Received a gift from Nemelex Xobeh
 41431 | D:12     | Noticed Azrael
 41449 | D:12     | Killed Azrael
 42425 | D:13     | Received a gift from Nemelex Xobeh
 42912 | D:14     | Found a gate to the Vaults.
 43190 | D:14     | Received a gift from Nemelex Xobeh
 43562 | D:14     | Noticed Snorg
 43571 | D:14     | Killed Snorg
 43963 | Elf:1    | Entered Level 1 of the Elven Halls
 44360 | Elf:1    | Paralysed by an air elemental for 1 turns
 44813 | Elf:1    | Reached skill level 23 in Invocations
 44832 | Elf:1    | Identified the +2 hand axe of Fixation {holy, rF+ Int+4}
 44856 | Elf:1    | Received a gift from Nemelex Xobeh
 45425 | Elf:1    | Found a radiant altar of Vehumet.
 45478 | Elf:1    | Gained mutation: Armour fits poorly on your strangely
                  | shaped body. [a neqoxec]
 45482 | Elf:1    | Gained mutation: You sometimes lose your temper in combat.
                  | [a neqoxec]
 45502 | Elf:1    | Gained mutation: You have sharp fingernails. [hidden
                  | potential]
 45502 | Elf:1    | Lost mutation: You have hidden genetic potential. [hidden
                  | potential expressed]
 45591 | Elf:1    | Noticed a Tzitzimitl
 45601 | Elf:1    | Found a runed translucent gate.
 45601 | Elf:1    | Found a runed translucent gate.
 45601 | Elf:1    | Found a runed translucent gate.
 45601 | Elf:1    | Found a runed translucent gate.
 45601 | Elf:1    | Found a runed translucent gate.
 45602 | Elf:1    | Found a runed translucent gate.
 45961 | Elf:2    | Found Liumen's Jewellery Boutique.
 45969 | Elf:2    | Paralysed by an air elemental for 1 turns
 45985 | Elf:2    | Found a frozen archway.
 45999 | Elf:2    | HP: 7/155 [ice statue] (24)]
 46006 | Elf:2    | Killed from afar by an ice statue

Illustrated notes

Levels and vault maps discovered:
D:1:      lemuel_arrival_room, layout_loops_ring
D:2:      layout_basic, serial_shops, shop
D:3:      layout_loops_corners, lemuel_doored_altar, lemuel_crystal_altar,
          chequers_ecumenical_altar_grove, chequers_jeans, minivault_11,
          minmay_cut_off
D:4:      layout_cave_pools, minmay_temple_entry_hall
D:5:      layout_cave_pools, st_stairs_2, nicolae_shop_vocational
D:6:      layout_loops_ring, ashenzari_conservatory_becter,
          grunt_temple_overflow_octagram, minivault_5
D:7:      layout_basic, serial_shops, shop
D:8:      kennysheep_spiral_hall, layout_gridville, due_lair_maze_entry_diamond,
          uniq_maggie
D:9:      layout_long_grid, david_orc_5
D:10:     layout_cave_pools
D:11:     layout_loops_ring, serial_shops, nicolae_shop_industrial_runoff,
          nicolae_hepliaklqana_ecumenical_no_more
D:12:     layout_roguey, special_room [special_room_orc], uniq_azrael,
          uniq_jorgrun
D:13:     layout_loops_cross
D:14:     layout_long_grid, grunt_vaults_entry_tiered,
          chequers_serial_rivers_room_a, uniq_snorg
Temple:   nicolae_temple_hex_pool
Lair:1:   layout_regular_city, basic_altar, nzn_masters_of_martial_movement,
          grunt_megastairs_1
Lair:2:   minmay_lair_oklob_tunnel, layout_gridlike, swamp_mist, basic_altar
Lair:3:   regret_index_combs_of_tragedy, layout_long_grid,
          guppyfry_snake_entry_island, basic_altar, uniq_sonja, uniq_nergalle
Lair:4:   layout_long_grid, minmay_slime_entry_pillars, enter_volcano_1,
          beast_lair_carwin_2, infiniplex_staircase_pool_2, uniq_nessos
Lair:5:   evil_forest, layout_cave_pods, lemuel_fruit_tree, grunt_megastairs_3
Swamp:1:  layout_basic_swamp, evilmike_swamp_ruin_rubble_2, swamp_pool1,
          infiniplex_staircase_pool
Swamp:2:  layout_falls_marsh, evilmike_swamp_ruin_house_5, swamp_pool5,
          nicolae_swamp_bean_lake
Swamp:3:  layout_basic_swamp, nicolae_swamp_treefoil, swamp_pool3, uniq_aizul
Swamp:4:  nzn_swamp_witches_coven, layout_basic_swamp
Snake:1:  gammafunk_sealed_arena, layout_chambers
Snake:2:  layout_rooms, minmay_shop_grove, uniq_roxanne
Snake:3:  layout_gridlike, nicolae_integral_box, minmay_shoptagon,
          serial_bayou_shore_a
Snake:4:  snake_pit, layout_onion, serial_shops, shop
Orc:1:    layout_diamond_mine, basic_altar, ebering_ghost_reflecting_pool,
          roderic_batcave, nicolae_orc_bridge_out, minmay_shop_mayhem
Orc:2:    grunt_orc_gardens, layout_caves, grunt_orc_garden, grunt_orc_garden,
          grunt_orc_garden, grunt_orc_garden, basic_altar, serial_shops,
          nicolae_shop_gaudy_bauble
Elf:1:    nicolae_elf_arrival_no_cutting_in_line, layout_rooms, basic_altar,
          orc_legates
Elf:2:    nicolae_elf_blades_crystal_corner, layout_loops_cross,
          portal_ice_cave_entry_ice_statue_two, serial_shops,
          nicolae_shop_tiny_waterfront, amcnicky_mini_rare_corridor_liquid,
          uniq_nikola

Skill      XL: |  1  2  3  4  5  6  7  8  9 10 11 12 13 14 15 16 17 18 |
---------------+-------------------------------------------------------+-----
Maces & Flails | 3 4 5 6 7 9 10 11 12 13 14 15 16 17 | 17.4
Dodging        | 3 4 5 6 7 8 9 10 11 12 | 12.7
Armour         | 1 2 3 4 5 6 7 8 9 10 11 12 | 12.5
Invocations    | 2 4 5 7 9 11 13 15 16 18 19 21 22 23 | 23.3
Fighting       | 4 5 6 7 8 9 10 11 12 13 | 13.8
Evocations     | |  0.4

Action                     |  1- 3 |  4- 6 |  7- 9 | 10-12 | 13-15 | 16-18 || total
---------------------------+-------+-------+-------+-------+-------+-------++-------
  Melee: Mace              |    97 |    72 |   172 |       |       |       ||   341
         Headbutt          |       |     9 |    61 |    91 |   283 |   388 ||   832
         Flail             |       |       |    43 |   307 |   818 |  1202 ||  2370
 Invoke: Draw Destruction  |       |     3 |     6 |    33 |    28 |    44 ||   114
         Draw Summoning    |       |       |       |     5 |     8 |    10 ||    23
         Draw Escape       |       |       |       |       |       |     4 ||     4
    Use: Potion            |     6 |     2 |     4 |     2 |     1 |    18 ||    33
         Scroll            |     4 |     7 |     5 |     4 |     8 |     9 ||    37
   Stab: Confused          |       |       |     3 |       |       |       ||     3
         Paralysed         |       |       |     1 |       |       |       ||     1
         Distracted        |       |       |       |     1 |       |     1 ||     2
         Petrifying        |       |       |       |     3 |       |       ||     3
 Armour: Robe              |    11 |     9 |     4 |       |       |       ||    24
         Plate armour      |       |       |   106 |   152 |   307 |   541 ||  1106
  Dodge: Dodged            |    83 |    89 |   157 |   246 |   498 |   531 ||  1604
  Block: Orb               |       |       |     8 |    93 |   170 |   219 ||   490
         Reflection        |       |       |       |     2 |    16 |    11 ||    29

Table legend: (Time is in decaauts)
 A = Elapsed time spent in this place.
 B = Non-inter-level travel time spent in this place.
 C = Inter-level travel time spent in this place.
 D = Time resting spent in this place.
 E = Time spent auto-exploring this place.
 F = Levels seen in this place.
 G = Mean time per level.
                   A        B        C        D        E       F      G
               +--------+--------+--------+--------+--------+-----+--------+
         Total |  45999 |  44217 |   1782 |   4782 |  33530 |  33 | 1393.9 |
       Dungeon |  13458 |  12666 |    792 |     99 |  10913 |  14 |  961.3 |
        Temple |     36 |     27 |      9 |      0 |     11 |   1 |   36.0 |
          Lair |   9039 |   8645 |    394 |      0 |   7338 |   5 | 1807.8 |
         Swamp |   8090 |   7916 |    174 |   1037 |   5941 |   4 | 2022.5 |
     Snake Pit |  10498 |  10281 |    217 |   3066 |   5975 |   4 | 2624.5 |
  Orcish Mines |   2460 |   2333 |    127 |    580 |   1417 |   2 | 1230.0 |
   Elven Halls |   1669 |   1603 |     66 |      0 |   1297 |   2 |  834.5 |
       Volcano |    744 |    744 |      0 |      0 |    635 |   1 |  744.0 |
               +--------+--------+--------+--------+--------+-----+--------+

Top non-repeatable levels by time:
 Snake:3: 4608 daAuts
 Swamp:3: 3031 daAuts
 Snake:1: 2302 daAuts
 Swamp:1: 2180 daAuts
  Lair:3: 2122 daAuts
  Lair:5: 2112 daAuts
 Snake:4: 1925 daAuts
  Lair:2: 1909 daAuts
 Snake:2: 1662 daAuts
 Swamp:4: 1625 daAuts
   Elf:1: 1622 daAuts
  Lair:1: 1521 daAuts
   Orc:2: 1388 daAuts
  Lair:4: 1374 daAuts
     D:8: 1349 daAuts
